 Dungeon Crawl Stone Soup version 0.28.0-62-gf88900778d (webtiles) character file.

Game seed: 1854292645746678343

113 Nonny the Sneak (level 4, 0/21 HPs)
             Began as a Vine Stalker Ice Elementalist on Apr 14, 2023.
             Slain by Crazy Yiuf
             ... wielding a +4 quarterstaff of chaos
              (6 damage)
             ... on level 3 of the Dungeon.
             The game lasted 00:13:59 (1682 turns).

Nonny the Sneak (Vine Stalker Ice Elementalist)     Turns: 1682, Time: 00:13:59

Health: 0/21       AC:  9    Str: 10    XL:     4   Next: 96%
Magic:  0/9        EV: 12    Int: 17    God:
Gold:   88         SH:  0    Dex: 15    Spells: 2/9 levels left

rFire   . . .      SeeInvis .   i - +4 rapier
rCold   . . .      Faith    .   (no shield)
rNeg    . . .      Spirit   +   a - +0 robe
rPois   .          Reflect  .   l - +0 helmet
rElec   .          Harm     .   (no cloak)
rCorr   .          Rampage  .   (no gloves)
Will    .....                   (no boots)
Stlth   +++.......              (no amulet)
HPRegen 0.87/turn               (no ring)
MPRegen 0.11/turn               (no ring)

@: lethally poisoned (0 -> -2), ice-armoured, freezing walls
A: fangs 2, regeneration 1, magic shield, antimagic bite, no potion heal 2
a: no special abilities


You were on level 3 of the Dungeon.
You visited 1 branch of the dungeon, and saw 3 of its levels.

You collected 88 gold pieces.

Inventory:

Hand Weapons
 c - a +0 dagger
 i - a +4 rapier (weapon)
Missiles
 e - 5 javelins
Armour
 a - a +0 robe (worn)
 l - a +0 helmet (worn)
 n - a +0 kite shield
Scrolls
 b - a scroll of silence {unknown}
 d - 2 scrolls of identify {unknown}
 g - a scroll of teleportation {unknown}
 k - 2 scrolls of enchant armour {unknown}
 m - 2 scrolls of immolation {unknown}
 o - a scroll of fog {unknown}
Potions
 f - a potion of haste {unknown}
 h - a potion of magic {unknown}
 j - a potion of curing {unknown}


   Skills:
 + Level 0.7 Fighting
 - Level 1.5 Dodging
 * Level 5.3 Stealth
 + Level 3.2 Spellcasting
 - Level 4.0 Ice Magic


You had 2 spell levels left.
You knew the following spells:

 Your Spells              Type           Power      Damage    Failure   Level
a - Freeze                Ice            64%        1d8       3%          1
b - Frozen Ramparts       Ice            32%        1d5       10%         3
c - Ozocubu's Armour      Ice            16%        N/A       10%         3

Your spell library contained the following spells:

 Spells                   Type           Power      Damage    Failure   Level
 Hailstorm                Conj/Ice       9%         3d4       58%         4


Dungeon Overview and Level Annotations

Branches:
Dungeon (3/15)

Altars:

Annotations:
D:3 Crazy Yiuf


Innate Abilities, Weirdness & Mutations

You have extremely sharp teeth.
Your natural rate of healing is unusually fast.
When hurt, damage is shared between your health and your magic reserves.
Your bite disrupts and absorbs the magic of your enemies.
Potions cannot restore your health.


Message History

You freeze the ball python.
The ball python is severely wounded.
The ball python closely misses you. The ball python barely misses you.
You hit the ball python.
You kill the ball python!
Items here: ))) †.
Items here: ))) †.
Found a leather armour.
Found a mace.
Found a runed translucent door.
Crazy Yiuf shouts!
Press: ? - help, v - describe, . - travel
Here: Crazy Yiuf, wielding a +4 quarterstaff of chaos and wearing a +0 cloak (fire blocked by a runed translucent door)
The floor.
As you open the door, it creaks loudly!
Casting: Freeze (safe; 3% risk of failure)
Confirm with . or Enter, or press ? or * to list all spells.
The spell is extremely dangerous to miscast (10% risk of failure)!
Continue anyway?
Casting: Frozen Ramparts (extremely dangerous; 10% risk of failure)
Press: ? - help, Dir - look around, f - activate The walls around you are covered in ice.
The wall freezes Crazy Yiuf.
Crazy Yiuf grits, "Announcement sizzlefizz disdain!"
Crazy Yiuf hits you with a +4 quarterstaff of chaos!
Crazy Yiuf freezes you.
Unknown command.
Unknown command.
Casting: Frozen Ramparts (extremely dangerous; 10% risk of failure)
Confirm with . or Enter, or press ? or * to list all spells.
The spell is extremely dangerous to miscast (10% risk of failure)!
Continue anyway?
A film of ice covers your body!
The wall freezes Crazy Yiuf.
Crazy Yiuf hits you with a +4 quarterstaff of chaos.
You are poisoned.
Unknown command.
Unknown command.
Unknown command.
You closely miss Crazy Yiuf.
Crazy Yiuf is moderately wounded.
You feel sick.
The wall freezes Crazy Yiuf.
Crazy Yiuf hits you with a +4 quarterstaff of chaos.
You die...

#....###...........
##..## #####.######
#....# #.# ##...#
#.# ##.## #.# ###
##.# #.###... #.##
#.....#. ##.#
#....... #@##
#..##### #g# #..#
... #..# #...#
#..##### #)..#
#####......# #####
#...#.####.#
###.#)# #.# ###
#...# #.# #.###.#)#
#.#


You could see Crazy Yiuf.

Vanquished Creatures
  An orc wizard (D:3)
  Robin (D:2)
  An adder (D:3)
  A dart slug (D:2)
  7 orcs (D:3)
  8 ball pythons
  3 endoplasms
  11 goblins
  5 hobgoblins
  2 kobolds (D:2)
  4 quokkas
  5 bats
  2 frilled lizards (D:2)
  2 rats
53 creatures vanquished.

Vanquished Creatures (others)
  4 toadstools (D:1)
4 creatures vanquished.

Grand Total: 57 creatures vanquished

Notes
Turn   | Place    | Note
-------+----------+-------------------------------------------
     0 | D:1      | Nonny the Vine Stalker Ice Elementalist began the quest for
                  | the Orb.
     0 | D:1      | Reached XP level 1. HP: 9/9 MP: 4/4
    23 | D:1      | Starting vault: 4 statues in a damp area of growth.
   248 | D:1      | Reached skill level 3 in Stealth
   261 | D:1      | Reached XP level 2. HP: 13/13 MP: 0/6
   707 | D:2      | Reached XP level 3. HP: 14/16 MP: 1/8
   741 | D:2      | Reached skill level 4 in Stealth
   990 | D:2      | Noticed Robin
  1006 | D:2      | Learned a level 3 spell: Frozen Ramparts
  1041 | D:2      | Killed Robin
  1112 | D:2      | Learned a level 3 spell: Ozocubu's Armour
  1333 | D:2      | Gained mutation: Your natural rate of healing is unusually
                  | fast. [Vine Stalker growth]
  1333 | D:2      | Reached XP level 4. HP: 21/21 MP: 5/9
  1597 | D:3      | Reached skill level 5 in Stealth
  1675 | D:3      | Found a runed translucent door.
  1676 | D:3      | Noticed Crazy Yiuf
  1682 | D:3      | Slain by Crazy Yiuf

Illustrated notes

###### # ##≈##≈##
###. ##≈♣≈≈P≈##
..... #≈♣8♣P8P≈# #
###...##≈♣..P.##.#
.......@≈≈<......#
#.....##≈P..P.##.#
#...( #≈P8PP8P≈# #
...[ ##≈P≈≈P≈##
### ##≈##≈##
######


Turn 23 on D:1: Starting vault: 4 statues in a damp area of growth.

Levels and vault maps discovered:
D:1:      ldierk_walled_garden_2, layout_basic
D:2:      layout_basic, uniq_robin
D:3:      layout_loops_ring, uniq_natasha, uniq_crazy_yiuf_cottage, uniq_ijyb,
          uniq_terence

Skill      XL: |  1  2  3  4 |
---------------+-------------+-----
Stealth        | 3 4 5 |  5.3
Spellcasting   | 3 |  3.2
Fighting       | |  0.7
Dodging        | |  1.5
Ice Magic      | |  4.0

Action                   |  1- 3 |  4- 6 || total
-------------------------+-------+-------++-------
Melee: Unarmed           |     1 |       ||     1
       Dagger            |    10 |       ||    10
       Bite              |     5 |     1 ||     6
       Rapier            |     3 |     6 ||     9
 Cast: Freeze            |    49 |     9 ||    58
       Frozen Ramparts   |     1 |     2 ||     3
       Ozocubu's Armour  |       |     1 ||     1
 Stab: Sleeping          |     1 |     1 ||     2
Armor: Robe              |    12 |     1 ||    13
Dodge: Dodged            |    28 |     9 ||    37
